 Dungeon Crawl Stone Soup version 0.30-a0-439-g9e77e4d916 (webtiles) character file.

Game seed: 14208112396355276052

439 jfcaron the Vexing (level 7, -10/52 HPs)
             Began as a Gnoll Hexslinger on Dec 11, 2022.
             Mangled by a boulder beetle (22 damage)
             ... on level 7 of the Dungeon.
             The game lasted 00:15:09 (3912 turns).

jfcaron the Vexing (Gnoll Hexslinger)               Turns: 3912, Time: 00:15:10

Health: -10/52     AC:  6    Str: 11    XL:     7   Next: 1%
Magic:  10/12      EV: 13    Int: 12    God:
Gold:   264        SH:  4    Dex: 13    Spells: 7/13 levels left

rFire   . . .      SeeInvis .    a - +2 sling
rCold   . . .      Faith    .    g - +0 buckler
rNeg    . . .      Spirit   .    y - +0 leather armour
rPois   .          Reflect  .    (no helmet)
rElec   .          Harm     .    x - +2 cloak
rCorr   +          Rampage  .    (no gloves)
Will    .....                    (no boots)
Stlth   ++........               (no amulet)
HPRegen 0.28/turn                i - ring of wizardry
MPRegen 0.13/turn                C - ring of resist corrosion

@: no status effects
A: fangs 1, strong nose, distributed training
a: no special abilities


You were on level 7 of the Dungeon.
You visited 1 branch of the dungeon, and saw 6 of its levels.

You collected 264 gold pieces.

Inventory:

Hand Weapons
 a - a +2 sling (weapon)
 f - a +0 dagger
 w - a +0 quarterstaff
 H - a +2 hand axe of draining
Missiles
 e - an atropa-tipped dart {!f}
 h - 26 stones
 r - 7 poisoned darts
Armour
 g - a +0 buckler (worn)
 x - a +2 cloak (worn)
 y - a +0 leather armour (worn)
 B - a +0 ring mail of fire resistance
Jewellery
 i - a ring of wizardry (left hand)
 u - a ring of willpower
 C - a ring of resist corrosion (right hand)
 E - a ring of positive energy
Scrolls
 b - 5 scrolls of poison
 m - a scroll of immolation
Potions
 d - 2 potions of mutation {unknown}
 l - a potion of heal wounds
 n - a potion of flight {unknown}
 p - a potion of attraction {unknown}
 q - 3 potions of might
 t - a potion of magic {unknown}
 v - 3 potions of curing
 z - 2 potions of brilliance {unknown}
 D - a potion of degeneration {unknown}
 F - 3 potions of haste


   Skills:
 + Level 3.5 Fighting
 + Level 2.3 Short Blades
 + Level 2.3 Long Blades
 + Level 2.3 Axes
 + Level 2.3 Maces & Flails
 + Level 2.3 Polearms
 + Level 2.3 Staves
 + Level 5.1 Ranged Weapons
 + Level 2.3 Throwing
 + Level 2.3 Armour
 + Level 5.1 Dodging
 + Level 2.3 Stealth
 + Level 2.3 Shields
 + Level 2.3 Unarmed Combat
 + Level 3.6 Spellcasting
 + Level 1.8 Conjurations
 + Level 5.8 Hexes
 + Level 1.8 Summonings
 + Level 1.8 Necromancy
 + Level 1.8 Translocations
 + Level 1.8 Transmutations
 + Level 1.8 Fire Magic
 + Level 1.8 Ice Magic
 + Level 1.8 Air Magic
 + Level 1.8 Earth Magic
 + Level 1.8 Poison Magic
 + Level 2.5 Invocations
 + Level 2.3 Evocations


You had 7 spell levels left.
You knew the following spells:

 Your Spells              Type           Power      Damage    Failure   Level
a - Slow                  Hex            64%        N/A       1%          1
b - Call Imp              Summ           6%         N/A       12%         2
c - Dazzling Flash        Conj/Hex       22%        N/A       10%         3

Your spell library contained the following spells:

 Spells                   Type           Power      Damage    Failure   Level
 Magic Dart               Conj           24%        1d4       8%          1
 Inner Flame              Hex/Fire       11%        N/A       10%         3
 Portal Projectile        Hex/Tloc       22%        N/A       10%         3
 Cause Fear               Hex            8%         N/A       16%         4
 Mephitic Cloud           Conj/Pois/Air  6%         N/A       22%         3
 Iskenderun's Mystic Bla  Conj/Tloc      6%         2d4       56%         4
 Starburst                Conj/Fire      3%         6d3       100%        6


Dungeon Overview and Level Annotations

Branches:
Dungeon (7/15)
 Temple: D:4-7

Altars:
Cheibriados
Gozag
Kikubaaqudgha

Shops:
D:2 (

Annotations:
D:3 2 transporters, Inus's ghost, weakling FeVM
D:7 Joseph


Innate Abilities, Weirdness & Mutations

You have very sharp teeth.
Your uncanny sense of smell can sniff out nearby items.
Your experience applies equally to all skills.


Message History

Press: ? - help, Q - select action, (/) - cycle Shift-Dir - straight line, f/p - boulder beetle
Aim: a boulder beetle (rolling, 90% to hit)
Okay, then.
Throw: 10 darts (poison)
Press: ? - help, Shift-Dir - straight line, f/p - boulder beetle
Aim: a boulder beetle (rolling, 89% to hit)
You throw a poisoned dart.
The poisoned dart hits the boulder beetle.
The boulder beetle is poisoned.
Throw: 9 darts (poison)
Press: ? - help, Shift-Dir - straight line, f/p - boulder beetle
Aim: a boulder beetle (rolling, poisoned, 89% to hit)
You throw a poisoned dart.
The poisoned dart hits the boulder beetle.
The boulder beetle looks even sicker.
Throw: 8 darts (poison)
Press: ? - help, Shift-Dir - straight line, f/p - boulder beetle
Aim: a boulder beetle (lightly wounded, rolling, very poisoned, 89% to hit)
You throw a poisoned dart.
The poisoned dart hits the boulder beetle.
The boulder beetle looks even sicker.
The boulder beetle is lightly wounded.
The boulder beetle hits you!!!
Ouch! That really hurt!
* * * LOW HITPOINT WARNING * * *
The boulder beetle stops rolling and uncurls.
Casting: Dazzling Flash (dangerous; 10% risk of failure)
Confirm with . or Enter, or press ? or * to list all spells.
Okay, then.
You feel much better. The boulder beetle bites you!
* * * LOW HITPOINT WARNING * * *
You aren't carrying any items that you can evoke.
Okay, then.
Unknown command.
Unknown command.
Casting: Dazzling Flash (dangerous; 10% risk of failure)
Confirm with . or Enter, or press ? or * to list all spells.
A beastly little devil appears in a puff of flame.
The boulder beetle bites you!!
You die...

# ##. ###..#
#.#..##....
#........#
#.....# ∆ #....#
##...###..
#######........
#5B.((.((##...#
#@##...#..##....
#####(##..# ....
#..###.# ...
#.## .. .. ..
... ### ....
#...


You could see a boulder beetle (very poisoned, ally target) and a friendly
crimson imp (summoned).

Vanquished Creatures
  2 phantoms (D:4)
  A scorpion (D:3)
  A bullfrog zombie (D:4)
  Natasha (thrice) (D:2)
  3 adders
  An adder skeleton (D:4)
  4 worms
  2 dart slugs
  10 orcs
  6 ball pythons
  5 endoplasms
  2 giant cockroaches
  8 hobgoblins
  7 jackals
  2 quokkas (D:1)
  2 bats
  2 frilled lizards
  6 goblins
  5 kobolds
  5 rats
  A bush (D:2)
  15 plants (D:2)
93 creatures vanquished.

Notes
Turn   | Place    | Note
-------+----------+-------------------------------------------
     0 | D:1      | jfcaron the Gnoll Hexslinger began the quest for the Orb.
     0 | D:1      | Reached XP level 1. HP: 17/17 MP: 4/4
   135 | D:1      | Reached XP level 2. HP: 23/23 MP: 5/5
   425 | D:1      | Learned a level 2 spell: Call Imp
   631 | D:1      | Reached XP level 3. HP: 25/28 MP: 7/7
  1003 | D:2      | Found Pic Xiunul's Weapon Shoppe.
  1051 | D:2      | Noticed Natasha
  1059 | D:2      | Killed Natasha
  1060 | D:2      | Reached skill level 1 in Short Blades
  1060 | D:2      | Reached skill level 1 in Long Blades
  1060 | D:2      | Reached skill level 1 in Axes
  1060 | D:2      | Reached skill level 1 in Maces & Flails
  1060 | D:2      | Reached skill level 1 in Polearms
  1060 | D:2      | Reached skill level 1 in Staves
  1060 | D:2      | Reached skill level 1 in Throwing
  1060 | D:2      | Reached skill level 1 in Armour
  1060 | D:2      | Reached skill level 1 in Stealth
  1060 | D:2      | Reached skill level 1 in Shields
  1060 | D:2      | Reached skill level 1 in Unarmed Combat
  1060 | D:2      | Reached skill level 1 in Invocations
  1060 | D:2      | Reached skill level 1 in Evocations
  1122 | D:2      | Reached XP level 4. HP: 34/34 MP: 8/8
  1183 | D:2      | Noticed Natasha
  1193 | D:2      | Killed Natasha
  1194 | D:2      | Reached skill level 1 in Conjurations
  1194 | D:2      | Reached skill level 1 in Summonings
  1194 | D:2      | Reached skill level 1 in Necromancy
  1194 | D:2      | Reached skill level 1 in Translocations
  1194 | D:2      | Reached skill level 1 in Transmutations
  1194 | D:2      | Reached skill level 1 in Fire Magic
  1194 | D:2      | Reached skill level 1 in Ice Magic
  1194 | D:2      | Reached skill level 1 in Air Magic
  1194 | D:2      | Reached skill level 1 in Earth Magic
  1194 | D:2      | Reached skill level 1 in Poison Magic
  1517 | D:2      | Noticed Natasha
  1522 | D:2      | Killed Natasha
  1622 | D:2      | Reached XP level 5. HP: 40/40 MP: 4/9
  1647 | D:2      | Learned a level 3 spell: Dazzling Flash
  1678 | D:2      | Found a faded altar of an unknown god.
  2735 | D:3      | Found an opulent altar of Gozag.
  2902 | D:3      | Found a transporter.
  2917 | D:3      | Reached XP level 6. HP: 47/47 MP: 9/11
  2938 | D:3      | Noticed Inus's ghost (weakling FeVM)
  2958 | D:3      | Found a transporter.
  3006 | D:3      | Found a snail-covered altar of Cheibriados.
  3221 | D:4      | Reached skill level 5 in Ranged Weapons
  3221 | D:4      | Reached skill level 5 in Dodging
  3656 | D:4      | Reached XP level 7. HP: 44/52 MP: 12/12
  3702 | D:4      | You fall into a shaft and drop 2 floors!
  3726 | D:6      | Found an ancient bone altar of Kikubaaqudgha.
  3766 | D:7      | Noticed Joseph
  3801 | D:7      | Noticed a steam dragon
  3802 | D:7      | Noticed a boulder beetle
  3910 | D:7      | HP: 3/52 [boulder beetle (38)]
  3912 | D:7      | Mangled by a boulder beetle

Illustrated notes

Levels and vault maps discovered:
D:1:      mrwooster_arrival_statue, layout_loops_corners
D:2:      layout_loops_ring, serial_forest, infiniplex_forest_straight_4,
          infiniplex_forest_join, infiniplex_forest_end_3,
          infiniplex_forest_clump_long, infiniplex_forest_clump_medium,
          infiniplex_forest_clump_double, infiniplex_forest_straight_2,
          infiniplex_forest_straight_1, serial_shops,
          nicolae_shop_bloodbath_and_beyond, basic_ecumenical_altar,
          uniq_natasha
D:3:      layout_rooms, marbit_many_paths, nicolae_gozag_seed_capital,
          gammafunk_ghost_stat_death, grunt_ministairs_14, minmay_statues_item
D:4:      minmay_chambers_of_twos, layout_basic, serial_undead, serial_undead_a,
          serial_undead_f, serial_undead_e, serial_undead_b, serial_undead_b,
          serial_undead_d, serial_shops, kennysheep_mini, skrybe_limestone_x
D:6:      layout_rooms, mainiacjoe_overflow_boulevard, lemuel_doored_altar,
          minmay_temple_entry_junction, ebering_ghost_inner_flame, uniq_pikel
D:7:      layout_layer_cave, nicolae_qazlal_style_of_elements, enter_bailey_1,
          uniq_joseph

Skill      XL: |  1  2  3  4  5  6 |
---------------+-------------------+-----
Short Blades   | 1 2 |  2.3
Long Blades    | 1 2 |  2.3
Axes           | 1 2 |  2.3
Maces & Flails | 1 2 |  2.3
Polearms       | 1 2 |  2.3
Staves         | 1 2 |  2.3
Throwing       | 1 2 |  2.3
Armour         | 1 2 |  2.3
Stealth        | 1 2 |  2.3
Shields        | 1 2 |  2.3
Unarmed Combat | 1 2 |  2.3
Invocations    | 1 2 |  2.5
Evocations     | 1 2 |  2.3
Spellcasting   | 3 |  3.6
Conjurations   | 1 |  1.8
Summonings     | 1 |  1.8
Necromancy     | 1 |  1.8
Translocations | 1 |  1.8
Transmutations | 1 |  1.8
Fire Magic     | 1 |  1.8
Ice Magic      | 1 |  1.8
Air Magic      | 1 |  1.8
Earth Magic    | 1 |  1.8
Poison Magic   | 1 |  1.8
Fighting       | 3 |  3.5
Ranged Weapons | 5 |  5.1
Dodging        | 5 |  5.1
Hexes          | |  5.8

Action                   |  1- 3 |  4- 6 |  7- 9 || total
-------------------------+-------+-------+-------++-------
Melee: Dagger            |       |   126 |       ||   126
       Quarterstaff      |       |    77 |       ||    77
       Bite              |       |    56 |       ||    56
 Fire: Sling             |    75 |   208 |    17 ||   300
Throw: Dart              |       |     3 |     6 ||     9
 Cast: Call Imp          |     1 |    10 |     2 ||    13
       Slow              |       |     1 |       ||     1
       Dazzling Flash    |       |     3 |       ||     3
  Use: Scroll            |       |     9 |     2 ||    11
       Potion            |       |       |     2 ||     2
Armor: Robe              |     6 |     2 |       ||     8
       Leather armour    |       |    52 |     9 ||    61
Dodge: Dodged            |    18 |   112 |     3 ||   133
Block: Buckler           |       |       |     1 ||     1

Table legend: (Time is in decaauts)
 A = Elapsed time spent in this place.
 B = Non-inter-level travel time spent in this place.
 C = Inter-level travel time spent in this place.
 D = Time resting spent in this place.
 E = Time spent auto-exploring this place.
 F = Levels seen in this place.
 G = Mean time per level.
                   A        B        C        D        E       F      G
               +--------+--------+--------+--------+--------+-----+--------+
         Total |   3975 |   3496 |    479 |    266 |   2299 |   6 |  662.5 |
       Dungeon |   3975 |   3496 |    479 |    266 |   2299 |   6 |  662.5 |
               +--------+--------+--------+--------+--------+-----+--------+

Top non-repeatable levels by time:
     D:2: 1271 daAuts
     D:1: 1122 daAuts
     D:3: 829 daAuts
     D:4: 538 daAuts
     D:7: 145 daAuts
     D:6: 67 daAuts
